AoeStats
← 精銳萌古騎豬突猛進

Black Forest

510539786Analyzed
4v4 RM · 16h ago on Oct 1, 2026· 18m 47s· 8 players
Game mode
Random Map
Map size
Large (8 player)
Population
200
Speed
Normal
Resources
Standard
Victory
Conquest
Starting age
Dark Age
Ending age
Imperial Age
RankedLock teamsTeams togetherTeam positionsShared explorationLock speedFull tech treeHidden civsTurbo modeCheats
Victory
Defeat
1371
+14
🇺🇸 Danes · United States
1323
+16
🇮🇳 Saxons · India
1312
+16
🇦🇷 Spanish · Argentina
1294
+17
🇨🇳 Khmer · China
1386
-18
🇸🇬 Britons · Singapore
1318
-16
🇨🇳 Mongols · China
1297
-15
1282
-14
Sun Tzu
0:27 Loom
11:56 Feudal Age
15:47 Castle Age
13:47 Double-Bit Axe
13:54 Horse Collar
[KoM] Sir Djemba Djemba
5:13 Loom
12:47 Feudal Age
16:41 Castle Age
15:38 Double-Bit Axe
15:34 Horse Collar
HighEloREdiots
0:45 Loom
17:50 Feudal Age
felixaleman1010
1:22 Loom
13:22 Feudal Age
14:25 Feudal Age
18:56 Castle Age
18:22 Gold Mining
18:19 Double-Bit Axe
用爱感化队友
10:32 Feudal Age
14:11 Castle Age
12:25 Double-Bit Axe
15:19 Bow Saw
missed and miss
10:40 Feudal Age
16:47 Forging
8316699
1:26 Loom
10:48 Feudal Age
14:07 Fletching
17:00 Double-Bit Axe
16:55 Horse Collar
精銳萌古騎豬突猛進
0:39 Loom
18:36 Feudal Age
Connection lost

Rejoining the realm…

Still unreachable

The connection could not be restored.

Session expired

The server has moved on; the page needs a fresh start.